 Dungeon Crawl Stone Soup version 0.28.0-47-ge53b351184 (webtiles) character file.

Game seed: 852589317930890334

932 issech the Cudgeller (level 7, -6/68 HPs)
             Began as a Troll Fighter on May 3, 2022.
             Mangled by a komodo dragon (18 damage)
             ... on level 5 of the Dungeon.
             The game lasted 00:20:07 (4916 turns).

issech the Cudgeller (Troll Fighter)                Turns: 4916, Time: 00:20:08

Health: -6/68      AC:  7    Str: 25    XL:     7   Next: 86%
Magic:  6/6        EV:  9    Int:  4    God:
Gold:   227        SH:  8    Dex: 11    Spells: 6/6 levels left

rFire   . . .      SeeInvis .   a - +0 flail
rCold   . . .      Faith    .   c - +0 kite shield
rNeg    . . .      Spirit   .   B - +0 troll leather armour {Pargi}
rPois   .          Reflect  .   (helmet restricted)
rElec   .          Harm     .   M - +0 cloak
rCorr   .          Rampage  .   (gloves unavailable)
Will    .....                   (boots unavailable)
Stlth   +.........              p - amulet of the acrobat
HPRegen 1.81/turn               m - ring of wizardry
MPRegen 0.10/turn               (no ring)

@: no status effects
A: large, unfitting armour, claws 3, regeneration 1, shaggy fur 1, tough skin 1
a: no special abilities


You were on level 5 of the Dungeon.
You visited 1 branch of the dungeon, and saw 6 of its levels.
You also visited: Sewer.

You collected 251 gold pieces.
You spent 24 gold pieces at shops.

Inventory:

Hand Weapons
 a - a +0 flail (weapon)
 j - a +1 vampiric short sword
 n - a +0 short sword of venom
 z - a +0 giant spiked club
 H - a +0 long sword
Missiles
 e - 116 stones
 h - 6 curare-tipped darts
 i - 65 arrows
 k - 40 sling bullets
 r - 3 poisoned darts
 y - 2 throwing nets
 D - 20 bolts
 I - 3 boomerangs
 J - 3 large rocks (quivered)
Armour
 c - a +0 kite shield (worn)
 B - a +0 troll leather armour (worn) {Pargi}
 M - a +0 cloak (worn)
Magical Staves
 L - a staff of earth
Jewellery
 m - a ring of wizardry (left claw)
 p - an amulet of the acrobat (around neck)
 C - a ring of ice
Wands
 x - a wand of polymorph (18)
Scrolls
 f - 2 scrolls of noise
 t - a scroll of teleportation
 E - a scroll of enchant armour
 F - 2 scrolls of silence
 G - a scroll of vulnerability
 K - a scroll of blinking
Potions
 d - a potion of might
 g - a potion of lignification {unknown}
 l - 2 potions of resistance {unknown}
 o - 2 potions of haste {unknown}
 q - 3 potions of heal wounds {unknown}
 s - 3 potions of degeneration {unknown}
 u - 3 potions of curing {unknown}
 v - a potion of brilliance {unknown}
 w - 2 potions of cancellation {unknown}
 A - a potion of invisibility {unknown}


   Skills:
 + Level 3.7 Fighting
 + Level 5.0 Maces & Flails
 + Level 1.9 Armour
 + Level 4.1 Dodging
 + Level 0.4 Stealth
 + Level 4.1 Shields


You had 6 spell levels left.
You didn't know any spells.
Your spell library was empty.

Dungeon Overview and Level Annotations

Branches:
Dungeon (6/15)              Sewer (visited)
 Temple: D:4-7

Altars:
Ashenzari
Elyvilon
Kikubaaqudgha
Trog
Xom
The Shining One

Shops:
D:1 ?   D:2 [   D:5 *

Annotations:
D:3 1 runed translucent door, osoart's ghost, amateur OgTm
D:4 1 runed translucent door, NinjaNoafa's ghost, amateur MiMo


Innate Abilities, Weirdness & Mutations

You are too large for most types of armour.
You have claws for hands.
Your natural rate of healing is unusually fast.
You are covered in fur. (AC +1)
You have tough skin. (AC +1)


Message History

A kobold comes into view. It is wielding a +0 short sword.
You see here a +0 short sword.
You hear the slow hiss of a very distant avalanche of sand.
The kobold brigand throws a poisoned dart.
The poisoned dart completely misses you.
You see here 14 gold pieces.
You now have 227 gold pieces (gained 14).
The kobold shouts!
The kobold brigand throws a poisoned dart.
You block the poisoned dart.
The komodo dragon completely misses you.
The kobold throws a stone.
You block the stone.
The kobold throws a stone.
You block the stone.
The kobold throws a stone.
You block the stone.
The kobold shoots a bolt.
The bolt closely misses you.
There is a stone staircase leading up here.
The komodo dragon bites you.
You climb upwards.
There is a stone staircase leading down here.
You sock the komodo dragon!
The komodo dragon is lightly wounded.
The komodo dragon closely misses you.
You hit the komodo dragon.
The komodo dragon is moderately wounded.
You block the komodo dragon's attack.
You hit the komodo dragon but do no damage.
The komodo dragon is moderately wounded.
The komodo dragon bites you!
You hit the komodo dragon but do no damage.
The komodo dragon is moderately wounded.
The komodo dragon bites you!!
The komodo dragon completely misses you.
You barely miss the komodo dragon.
The komodo dragon is moderately wounded.
The komodo dragon bites you!!
* * * LOW HITPOINT WARNING * * *
You sock the komodo dragon!
The komodo dragon is heavily wounded.
The komodo dragon bites you!!
You die...

#..........#####........#
#........######.........#
#.......##⌠_.'..........#
#.......##⌠_.'..........#
#........######.........#
###..........#####........#
..........................#
..........................#
................@l........#
...............)..........#
..........................#
..........................#
################..........#
.......# #..........#
.......# #..........#
.......# #..........#
.......# #..........#


You could see a komodo dragon.

Vanquished Creatures
  2 sky beasts
  Pargi (Sewer)
  3 ogres
  A phantom (D:5)
  A scorpion (D:5)
  A bullfrog zombie (D:5)
  A hound (D:4)
  An iguana (D:4)
  A bullfrog skeleton (D:5)
  A howler monkey skeleton (D:3)
  3 adders
  A white imp (D:6)
  3 dart slugs
  11 orcs
  8 bats
  5 endoplasms
  5 giant cockroaches
  7 hobgoblins
  2 jackals (D:1)
  5 kobolds
  6 quokkas
  12 ball pythons
  9 frilled lizards
  8 goblins
98 creatures vanquished.

Notes
Turn   | Place    | Note
-------+----------+-------------------------------------------
     0 | D:1      | issech the Troll Fighter began the quest for the Orb.
     0 | D:1      | Reached XP level 1. HP: 22/22 MP: 0/0
    60 | D:1      | Found Kisiucwa's Magic Scroll Boutique.
   201 | D:1      | Reached XP level 2. HP: 22/29 MP: 1/1
   377 | D:1      | Found a faded altar of an unknown god.
   634 | D:1      | Reached skill level 2 in Maces & Flails
   902 | D:2      | Found a shimmering altar of Xom.
   945 | D:2      | Found Pytwuc's Armour Shoppe.
  1129 | D:2      | Reached XP level 3. HP: 36/36 MP: 2/2
  1530 | D:1      | Bought a scroll of identify for 24 gold pieces
  2082 | D:3      | Found a runed translucent door.
  2087 | D:3      | Noticed osoart's ghost (amateur OgTm)
  2129 | D:3      | Reached XP level 4. HP: 44/44 MP: 3/3
  2769 | D:4      | Reached skill level 3 in Maces & Flails
  2826 | D:4      | Found an ancient bone altar of Kikubaaqudgha.
  2838 | D:4      | Found a glowing drain.
  2861 | Sewer    | Entered a sewer
  2897 | Sewer    | Reached XP level 5. HP: 46/53 MP: 4/4
  2954 | Sewer    | Noticed Pargi
  3071 | Sewer    | Killed Pargi
  3288 | D:4      | Noticed NinjaNoafa's ghost (amateur MiMo)
  3296 | D:4      | Found a runed translucent door.
  3376 | D:4      | Found a bloodstained altar of Trog.
  3451 | D:4      | Noticed an ogre
  3454 | D:4      | Noticed a sky beast
  3469 | D:4      | Killed an ogre
  3470 | D:4      | Reached XP level 6. HP: 20/61 MP: 5/5
  3511 | D:4      | Killed a sky beast
  3512 | D:4      | Reached skill level 4 in Maces & Flails
  3699 | D:4      | Reached skill level 1 in Armour
  3820 | D:5      | Entered Level 5 of the Dungeon
  3987 | D:5      | Noticed a sky beast
  4018 | D:5      | Killed a sky beast
  4019 | D:5      | Reached XP level 7. HP: 66/67 MP: 6/6
  4044 | D:5      | Found a broken altar of Ashenzari.
  4044 | D:5      | Found a glowing golden altar of the Shining One.
  4311 | D:5      | Found Ymasse's Assorted Antiques.
  4855 | D:5      | Reached skill level 5 in Maces & Flails
  4877 | D:6      | Found a white marble altar of Elyvilon.
  4887 | D:6      | Noticed a komodo dragon
  4916 | D:5      | Mangled by a komodo dragon

Illustrated notes

Levels and vault maps discovered:
D:1:      amcnicky_arrival_underground_garden, layout_basic, serial_shops,
          nicolae_shop_trees, hellmonk_ecumenical_altar_run_dry
D:2:      layout_basic, basic_altar, serial_shops, shop
D:3:      layout_basic, ebering_ghost_reflecting_pool
D:4:      layout_cave_pools, general_overflow_altar,
          mainiacjoe_overflow_catwalk, hellmonk_ghost_happy_afterlife,
          portal_sewer_entry_f
D:5:      layout_gridville, gammafunk_temple_overflow_wave, serial_shops,
          nicolae_lakefront_shop
D:6:      wander_river, layout_rooms, elyvilon_altar_3,
          nicolae_ossuary_entry_monument, gammafunk_ghost_stat_death,
          hangedman_decor_growths, kennysheep_generic_room_6

Skill      XL: |  1  2  3  4  5  6  7 |
---------------+----------------------+-----
Maces & Flails | 2 3 4 5 |  5.0
Dodging        | 3 4 |  4.1
Fighting       | 3 |  3.7
Shields        | 3 4 |  4.1
Armour         | 1 |  1.9
Stealth        | |  0.4

Action                   |  1- 3 |  4- 6 |  7- 9 || total
-------------------------+-------+-------+-------++-------
Melee: Flail             |   109 |   261 |    93 ||   463
  Use: Scroll            |     1 |     3 |     3 ||     7
 Stab: Sleeping          |     1 |       |       ||     1
Armor: Robe              |    47 |    98 |       ||   145
       Troll leather arm |       |    54 |    30 ||    84
Dodge: Dodged            |    89 |   206 |    41 ||   336
Block: Kite shield       |    58 |   150 |    45 ||   253
